 Dungeon Crawl Stone Soup version 0.22-a0-284-g99d1f74 (webtiles) character file.

63302 tidbits the Martial Artist (level 15, -18/115 HPs)
             Began as a Gnoll Transmuter on Mar 20, 2018.
             Was a High Priest of Cheibriados.
             Killed by a malign offering
             ... invoked by a deep elf high priest
              (23 damage)
             ... on level 3 of the Elven Halls.
             The game lasted 01:18:17 (6316 turns).

tidbits the Martial Artist (Gnoll Transmuter)       Turns: 6316, Time: 01:18:18

Health: -18/115    AC: 13    Str: 34    XL:     15   Next: 9%
Magic:  4/29       EV: 22    Int: 35    God:    Cheibriados [*****.]
Gold:   921        SH:  8    Dex: 29    Spells: 20/35 levels left

rFire    + . .     SeeInvis .     - Unarmed
rCold    . . .     Gourm    .   D - +0 buckler
rNeg     . . .     Faith    .   B - +5 scale mail of the Gravedigger {rPois rF+ Regen+ Int-4}
rPois    +         Spirit   .   E - +2 helmet {Int+3}
rElec    .         Reflect  .   (no cloak)
rCorr    .         Harm     .   (no gloves)
MR       +....                  (no boots)
Stlth    +++++++...             R - amulet "Imyfim" {+Rage Str+7}
HPRegen  0.69/turn              F - ring of Shadows {Umbra +Inv Stlth+}
MPRegen  0.21/turn              W - ring of wizardry

@: corroded, wreathed by umbra, very slow
A: distributed training, fangs 1, blurry vision 1, strong nose
a: Bend Time, Temporal Distortion, Slouch, Step From Time, Renounce Religion,
Evoke Berserk Rage, Evoke Invisibility


You were on level 3 of the Elven Halls.
You worshipped Cheibriados.
Cheibriados was extremely pleased with you.
You were not hungry.

You visited 4 branches of the dungeon, and saw 21 of its levels.
You also visited: Sewer.

You collected 1121 gold pieces.
You spent 200 gold pieces at shops.

Inventory:

Hand Weapons
 a - a +0 dagger of freezing
   (You took it off Josephine on level 2 of the Orcish Mines)
 h - the +5 demon whip "Spellbinder" {antimagic, MR+}
   (You took it off an orc warrior on level 10 of the Dungeon)

   It reduces the magical energy of the wielder, and disrupts the spells and
   magical abilities of those hit.
   Natural abilities and divine invocations are not affected.
   It affects your resistance to hostile enchantments.
 w - a +2 dagger of distortion
   (You took it off an orc wizard on level 11 of the Dungeon)
 A - a +1 broad axe of freezing
   (You took it off an orc knight on level 1 of the Orcish Mines)
 J - a +0 morningstar of freezing
   (You took it off an orc priest on level 11 of the Dungeon)
 N - a cursed -2 hunting sling
Missiles
 f - 73 sling bullets
 g - 216 arrows
 j - 8 curare-tipped needles
 I - 4 javelins
 O - 2 throwing nets {!f}
 P - 9 silver tomahawks
 Z - 10 tomahawks (quivered)
Armour
 r - a +0 troll leather armour {Purgy}
 B - the +5 scale mail of the Gravedigger (worn) {rPois rF+ Regen+ Int-4}
   (You found it on level 6 of the Dungeon)

   It affects your intelligence (-4).
   It protects you from fire.
   It protects you from poison.
   It increases your rate of regeneration.
 D - a +0 buckler (worn)
 E - a +2 helmet of intelligence (worn)
   (You found it on level 12 of the Dungeon)
 L - a +2 robe of positive energy
   (You took it off an orc sorcerer on level 1 of the Orcish Mines)
 T - +0 acid dragon scales
Jewellery
 i - an uncursed ring of fire
   (You found it on level 2 of the Dungeon)
 q - an uncursed ring of positive energy
   (You found it on level 4 of the Dungeon)
 F - the ring of Shadows (left hand) {Umbra +Inv Stlth+}
   (You found it on level 7 of the Dungeon)

   [ring of stealth]

   It lets you turn invisible.
   It makes you more stealthy.
 M - an uncursed ring of poison resistance
   (You found it on level 12 of the Dungeon)
 R - the amulet "Imyfim" (around neck) {+Rage Str+7}
   (You took it off a rakshasa on level 11 of the Dungeon)

   [amulet of rage]

   It affects your strength (+7).
   It lets you go berserk.
 S - an uncursed ring of protection from fire
   (You found it on level 15 of the Dungeon)
 U - a +3 ring of protection
   (You found it on level 8 of the Dungeon)
 W - a ring of wizardry (right hand)
   (You took it off an orc warrior on level 10 of the Dungeon)
Wands
 b - a wand of clouds (4)
 o - a wand of iceblast (7)
 p - a wand of paralysis (15)
 z - a wand of polymorph (25)
 G - a wand of scattershot (6)
 V - a wand of disintegration (13)
 X - a wand of flame (43)
Scrolls
 k - a scroll of fog
 s - 4 scrolls of amnesia
 t - 2 scrolls of teleportation
 v - a scroll of fear
 x - 2 scrolls of vulnerability
 H - 2 scrolls of immolation
 K - a scroll of enchant armour
 Q - a scroll of holy word {unknown}
Potions
 d - a potion of might
 e - a potion of berserk rage
 l - 9 potions of curing
 m - 2 potions of agility
 u - 6 potions of flight
 C - a potion of cancellation
 Y - a potion of brilliance
Miscellaneous
 n - a crystal ball of energy
 y - a fan of gales
Comestibles
 c - 29 rations


   Skills:
 + Level 10.0 Fighting
 + Level 9.6 Short Blades
 + Level 9.6 Long Blades
 + Level 9.6 Axes
 + Level 9.6 Maces & Flails
 + Level 9.6 Polearms
 + Level 9.6 Staves
 + Level 9.6 Slings
 + Level 9.6 Bows
 + Level 9.6 Crossbows
 + Level 9.6 Throwing
 + Level 9.6 Armour
 + Level 10.6 Dodging
 + Level 9.6 Stealth
 + Level 9.6 Shields
 + Level 11.4 Unarmed Combat
 + Level 10.7 Spellcasting
 + Level 8.0 Conjurations
 + Level 8.0 Hexes
 + Level 8.0 Charms
 + Level 8.0 Summonings
 + Level 8.0 Necromancy
 + Level 8.0 Translocations
 + Level 9.0 Transmutations
 + Level 8.0 Fire Magic
 + Level 8.0 Ice Magic
 + Level 8.0 Air Magic
 + Level 8.0 Earth Magic
 + Level 8.0 Poison Magic
 + Level 10.4 Invocations
 + Level 9.6 Evocations


You had 20 spell levels left.
You knew the following spells:

 Your Spells              Type           Power        Failure   Level  Hunger
e - Beastly Appendage     Tmut           ######       1%          1    None
h - Blade Hands           Tmut           ######....   1%          5    ##.....
k - Sticks to Snakes      Tmut           ######..     1%          2    None
p - Spider Form           Tmut/Pois      ######....   1%          3    None
L - Summon Lightning Spi  Summ/Air       ######..     1%          4    None


Dungeon Overview and Level Annotations

Branches:
Dungeon (15/15)            Temple (1/1) D:7            Lair (0/6) D:9
    Orc (2/2) D:10            Elf (3/3) Orc:2
 Vaults: D:13-14     Depths: D:15

Altars:
Ashenzari
Cheibriados
Hepliaklqana
Kikubaaqudgha
Nemelex Xobeh
Okawaru
Ru
Trog
Uskayaw
Vehumet
Wu Jian
Xom

Shops:
D:5 *   D:6 *   D:8 :   Orc:2 (


Innate Abilities, Weirdness & Mutations

Your experience applies equally to all skills.
You have very sharp teeth.
Your uncanny sense of smell can sniff out nearby items.
Scrolls take you a little longer to read.


Message History

Your hands turn into razor-sharp scythe blades.
Your +0 buckler melds into your body.
A damnation appears from out of your range of vision.
The sphere of damnation explodes!
The damnation engulfs your lightning spire.
Your lightning spire shoots out a bolt of lightning at the deep elf annihilator!
The bolt of electricity hits the deep elf annihilator.
You hear a shout! x7
A deep elf blademaster comes into view. It is wielding two rapiers.
You slice the deep elf annihilator!!
Your slash misses the deep elf annihilator.
The deep elf annihilator is severely wounded.
The deep elf annihilator completely misses you.
A deep elf sorcerer comes into view. It is wielding a long sword.
You slice the deep elf annihilator!!
You kill the deep elf annihilator!
Cheibriados thoroughly appreciates the change of pace.
Your base Transmutations skill increases to level 9!
Your lightning spire shoots out a bolt of lightning at the deep elf blademaster!
The bolt of electricity hits the deep elf blademaster.
The deep elf sorcerer is empowered by something's aura!
A deep elf high priest comes into view. It is wielding a short sword.
The deep elf sorcerer seems less brilliant.
Your lightning spire shoots out a bolt of lightning at the deep elf blademaster!
The bolt of electricity hits the deep elf blademaster.
The deep elf sorcerer is empowered by something's aura!
The deep elf blademaster hits your lightning spire with a rapier!!
Your lightning spire is destroyed!
The deep elf sorcerer gestures wildly while chanting.
The deep elf sorcerer seems to speed up.
The deep elf high priest mumbles some strange prayers to its god against you.
Something smites you!
Things that are here:
a long sword; an elf corpse Unknown command.
Your hands revert to their normal proportions.
Your +0 buckler unmelds from your body.
The deep elf sorcerer points at you and mumbles some strange words.
You barely resist.
Evoke which item? (* to show all) (? for menu, Esc to quit)
Aiming: Cloud Cone
Press: ? - help, Dir - move target cursor, f - deep elf blademaster
Aim: a deep elf blademaster, wielding two rapiers and wearing a leather armour (moderately wounded, umbra)
Okay, then.
The deep elf sorcerer seems less brilliant.
The deep elf sorcerer is empowered by the deep elf high priest's aura!
The deep elf sorcerer mumbles some strange words.
You feel disoriented.
The deep elf blademaster closely misses you.
You block the deep elf blademaster's attack.
Unknown command.
Evoke which item? (* to show all) (? for menu, Esc to quit)
Aiming: Cloud Cone
Press: ? - help, Dir - move target cursor, f - deep elf blademaster
Aim: a deep elf blademaster, wielding two rapiers and wearing a leather armour (moderately wounded, umbra)
You create a blast of freezing vapour!
You hear a shout!
The deep elf sorcerer is engulfed in freezing vapours.
The deep elf blademaster is engulfed in freezing vapours.
The deep elf high priest is engulfed in freezing vapours.
The deep elf sorcerer is engulfed in freezing vapours.
The deep elf sorcerer casts a spell at you.
The bolt of acid hits you!
* * * LOW HITPOINT WARNING * * *
The acid corrodes you!
You are splashed with acid!
The acid burns!
* * * LOW HITPOINT WARNING * * *
The deep elf blademaster hits you with a rapier.
* * * LOW HITPOINT WARNING * * *
The deep elf blademaster hits you with a rapier!
* * * LOW HITPOINT WARNING * * *
You hear a shout!
Unknown command.
You can feel time thicken for a moment.
You feel somewhat more hungry.
Cheibriados lowers the support of your attributes as your movement quickens.
You hear a shout!
The deep elf sorcerer is engulfed in freezing vapours.
You kill the deep elf sorcerer!
Cheibriados appreciates the change of pace.
Your life force feels restored.
Your Fighting skill increases to level 10!
The deep elf blademaster completely misses you.
The deep elf blademaster hits you with a rapier!
* * * LOW HITPOINT WARNING * * *
The deep elf high priest is engulfed in freezing vapours.
Unknown command.
Okay, then.
Unknown command.
Evoke which item? (* to show all) (? for menu, Esc to quit)
Aiming: Scattershot
Press: ? - help, Shift-Dir - straight line, f/p - deep elf blademaster
Aim: a deep elf blademaster, wielding two rapiers and wearing a leather armour (severely wounded, umbra)
The burst of metal fragments hits the deep elf blademaster. x2
The deep elf blademaster is almost dead.
You block the deep elf blademaster's attack.
The deep elf blademaster hits you with a rapier!
* * * LOW HITPOINT WARNING * * *
The deep elf high priest is engulfed in freezing vapours.
The deep elf high priest utters a dark prayer and points at you.
Your life force is offered up.
You die...

###...####..
##...e......#
###..........##
.#....§§§§§....#
......§§§§§.....
.......§e§......
.....$)§§§......
.....###§###...
... ##..@e.## .
###.......###
#.....).....#
#.....).....#
#.....).....#
#.....).....#
#.....).....#
#...........#
###.......###


You could see a deep elf blademaster, a deep elf sorcerer and a deep elf high
priest.

Vanquished Creatures
  Asterion (Elf:1)
  4 deep elf sorcerers (Elf:3)
  An entropy weaver (shapeshifter) (D:11)
  4 deep elf annihilators (Elf:3)
  A deep elf death mage (Elf:3)
  Josephine (Orc:2)
  2 deep elf high priests (Elf:3)
  An ice dragon (D:14)
  A rakshasa (D:11)
  2 hydras
  6 two-headed ogres
  4 dancing weapons
  5 deep elf knights
  7 slime creatures
  A wizard (D:14)
  4 deep elf archers
  An unseen horror (D:10)
  3 orc knights
  4 orc sorcerers (Orc:1)
  27 deep elf magi
  A manticore (D:14)
  An ugly thing (D:11)
  2 cyclopes
  A centaur zombie (D:11)
  An ice statue (D:14)
  5 gargoyles
  A freezing wraith (D:11)
  A kobold demonologist (D:12)
  A yaktaur (D:11)
  A polar bear (D:14)
  3 trolls
  A hornet (D:12)
  6 hippogriffs
  A vampire (D:14)
  A meliai zombie (D:13)
  2 air elementals (Elf:2)
  2 wyverns (D:11)
  A spriggan (D:8)
  3 wraiths
  A fire elemental (Elf:2)
  11 yaks
  A hungry ghost (D:11)
  2 vampire mosquitoes (D:11)
  A warg (D:10)
  Menkaure (D:5)
  2 acid dragons
  A water moccasin (D:5)
  3 porcupines (D:9)
  7 ice beasts
  17 orc warriors
  3 sky beasts
  7 ogres
  2 phantoms
  Purgy (Sewer)
  An eye of draining (D:13)
  2 centaurs
  2 crocodiles (D:9)
  3 big kobolds
  6 bullfrogs
  An earth elemental (Elf:2)
  4 scorpions
  3 wights (D:8)
  9 killer bees
  2 bullfrog zombies
  6 crimson imps
  A quasit (D:10)
  4 hounds
  3 jellies
  A gnoll shaman (Orc:1)
  17 orc priests
  5 bullfrog skeletons
  4 centaur skeletons
  3 iguanas
  17 orc wizards
  8 worker ants
  2 hound skeletons
  3 gnolls (Orc:1)
  4 adders
  2 shadow imps
  2 white imps (D:14)
  An ooze (D:4)
  2 adder zombies
  3 dart slugs
  4 leopard geckos
  59 orcs
  4 bats
  4 giant cockroaches
  6 goblins
  A hobgoblin (D:1)
  15 jackals
  2 quokkas (D:5)
  3 ball pythons
  7 frilled lizards
  A jackal skeleton (D:4)
  11 kobolds
  A quokka skeleton (D:4)
  6 rats
  A crawling corpse (Elf:3)
421 creatures vanquished.

Vanquished Creatures (collateral kills)
  A deep elf sorcerer (Elf:3)
  2 deep elf demonologists
  A deep elf high priest (Elf:3)
  A two-headed ogre (Orc:1)
  2 deep elf knights (Elf:1)
  3 deep elf magi
  An orc sorcerer (Orc:1)
  A cyclops (D:14)
  A centaur skeleton (D:14)
  A polar bear (D:14)
  A wraith (Orc:2)
  An ice beast (D:14)
  An eye of draining (D:12)
  4 orc warriors
  2 ogres
  2 centaurs
  3 bullfrogs
  3 orc wizards
  A worker ant (D:4)
  12 orcs
  4 giant cockroaches (D:11)
  2 frilled lizards (Sewer)
  A crawling corpse (Elf:3)
51 creatures vanquished.

Vanquished Creatures (others)
  A hydra (D:11)
  An ugly thing (D:11)
  Sigmund (D:5)
  A hound (D:13)
  A jelly (D:13)
  An orc wizard (D:11)
  An orc (D:11)
  A kobold (D:12)
  10 fungi
  A plant (D:9)
19 creatures vanquished.

Grand Total: 491 creatures vanquished

Notes
Turn   | Place    | Note
-------+----------+-------------------------------------------
     0 | D:1      | tidbits the Gnoll Transmuter began the quest for the Orb.
     0 | D:1      | Reached XP level 1. HP: 17/17 MP: 6/6
    39 | D:1      | Reached XP level 2. HP: 23/23 MP: 5/7
    52 | D:1      | Learned a level 2 spell: Sticks to Snakes
   267 | D:2      | Found a shimmering altar of Xom.
   311 | D:1      | Reached XP level 3. HP: 28/28 MP: 7/9
   313 | D:1      | Reached skill level 5 in Spellcasting
   318 | D:1      | Learned a level 3 spell: Spider Form
   499 | D:3      | Reached skill level 1 in Invocations
   508 | D:3      | Reached skill level 1 in Short Blades
   508 | D:3      | Reached skill level 1 in Long Blades
   508 | D:3      | Reached skill level 1 in Axes
   508 | D:3      | Reached skill level 1 in Maces & Flails
   508 | D:3      | Reached skill level 1 in Polearms
   508 | D:3      | Reached skill level 1 in Staves
   508 | D:3      | Reached skill level 1 in Slings
   508 | D:3      | Reached skill level 1 in Bows
   508 | D:3      | Reached skill level 1 in Crossbows
   508 | D:3      | Reached skill level 1 in Throwing
   508 | D:3      | Reached skill level 1 in Armour
   508 | D:3      | Reached skill level 1 in Stealth
   508 | D:3      | Reached skill level 1 in Shields
   508 | D:3      | Reached skill level 1 in Evocations
   508 | D:3      | Reached XP level 4. HP: 27/34 MP: 8/11
   518 | D:3      | Reached skill level 1 in Conjurations
   518 | D:3      | Reached skill level 1 in Hexes
   518 | D:3      | Reached skill level 1 in Charms
   518 | D:3      | Reached skill level 1 in Summonings
   518 | D:3      | Reached skill level 1 in Necromancy
   518 | D:3      | Reached skill level 1 in Translocations
   518 | D:3      | Reached skill level 1 in Fire Magic
   518 | D:3      | Reached skill level 1 in Ice Magic
   518 | D:3      | Reached skill level 1 in Air Magic
   518 | D:3      | Reached skill level 1 in Earth Magic
   518 | D:3      | Reached skill level 1 in Poison Magic
   563 | D:3      | Reached XP level 5. HP: 30/40 MP: 9/12
   569 | D:3      | Learned a level 4 spell: Ice Form
   637 | D:5      | Entered Level 5 of the Dungeon
   638 | D:5      | Noticed Menkaure
   702 | D:4      | Reached skill level 3 in Fighting
   702 | D:4      | Reached skill level 4 in Transmutations
   714 | D:4      | Noticed a phantom
   750 | D:4      | Killed a phantom
   750 | D:4      | Reached skill level 2 in Invocations
   750 | D:4      | Reached XP level 6. HP: 16/47 MP: 4/13
   767 | D:4      | Reached skill level 5 in Dodging
   779 | D:4      | Found a glowing drain.
   783 | Sewer    | Entered a sewer
   854 | Sewer    | Noticed Purgy
   861 | Sewer    | Killed Purgy
   861 | Sewer    | Reached skill level 2 in Short Blades
   861 | Sewer    | Reached skill level 2 in Long Blades
   861 | Sewer    | Reached skill level 2 in Axes
   861 | Sewer    | Reached skill level 2 in Maces & Flails
   861 | Sewer    | Reached skill level 2 in Polearms
   861 | Sewer    | Reached skill level 2 in Staves
   861 | Sewer    | Reached skill level 2 in Slings
   861 | Sewer    | Reached skill level 2 in Bows
   861 | Sewer    | Reached skill level 2 in Crossbows
   861 | Sewer    | Reached skill level 2 in Throwing
   861 | Sewer    | Reached skill level 2 in Armour
   861 | Sewer    | Reached skill level 2 in Stealth
   861 | Sewer    | Reached skill level 2 in Shields
   861 | Sewer    | Reached skill level 2 in Evocations
   939 | D:4      | Reached XP level 7. HP: 52/52 MP: 11/15
  1011 | D:4      | Found a hide-covered altar of Uskayaw.
  1150 | D:5      | Killed Menkaure
  1150 | D:5      | Reached skill level 7 in Unarmed Combat
  1150 | D:5      | Reached skill level 2 in Conjurations
  1150 | D:5      | Reached skill level 2 in Hexes
  1150 | D:5      | Reached skill level 2 in Charms
  1150 | D:5      | Reached skill level 2 in Summonings
  1150 | D:5      | Reached skill level 2 in Necromancy
  1150 | D:5      | Reached skill level 2 in Translocations
  1150 | D:5      | Reached skill level 2 in Fire Magic
  1150 | D:5      | Reached skill level 2 in Ice Magic
  1150 | D:5      | Reached skill level 2 in Air Magic
  1150 | D:5      | Reached skill level 2 in Earth Magic
  1150 | D:5      | Reached skill level 2 in Poison Magic
  1341 | D:5      | Reached skill level 3 in Invocations
  1415 | D:5      | Reached XP level 8. HP: 60/60 MP: 6/16
  1461 | D:5      | Noticed Sigmund
  1485 | D:5      | Killed Sigmund
  1485 | D:5      | Reached skill level 4 in Fighting
  1485 | D:5      | Reached skill level 3 in Short Blades
  1485 | D:5      | Reached skill level 3 in Long Blades
  1485 | D:5      | Reached skill level 3 in Axes
  1485 | D:5      | Reached skill level 3 in Maces & Flails
  1485 | D:5      | Reached skill level 3 in Polearms
  1485 | D:5      | Reached skill level 3 in Staves
  1485 | D:5      | Reached skill level 3 in Slings
  1485 | D:5      | Reached skill level 3 in Bows
  1485 | D:5      | Reached skill level 3 in Crossbows
  1485 | D:5      | Reached skill level 3 in Throwing
  1485 | D:5      | Reached skill level 3 in Armour
  1485 | D:5      | Reached skill level 3 in Stealth
  1485 | D:5      | Reached skill level 3 in Shields
  1485 | D:5      | Reached skill level 3 in Evocations
  1500 | D:5      | Reached skill level 6 in Spellcasting
  1578 | D:5      | Found Tiwker's Assorted Antiques.
  1592 | D:5      | Bought a runed iron wand for 112 gold pieces
  1592 | D:5      | Bought a scroll labeled DOCLEO QEUSUTT for 28 gold pieces
  1676 | D:6      | Found Wovvufe's Assorted Antiques.
  1686 | D:6      | Bought a scroll labeled HUROKU HOSIL for 30 gold pieces
  1686 | D:6      | Bought a scroll labeled WECECHI FACY for 30 gold pieces
  1827 | D:6      | Got a crude scale mail
  1838 | D:6      | Identified the +5 scale mail of the Gravedigger {rPois rF+ Regen+ Int-4} (You found it on level 6 of the Dungeon)
  1873 | D:7      | Found a shattered altar of Ashenzari.
  1895 | D:7      | Found the ring of Shadows {Umbra +Inv Stlth+}
  1907 | D:7      | Found a staircase to the Ecumenical Temple.
  1922 | D:7      | Reached skill level 3 in Conjurations
  1922 | D:7      | Reached skill level 3 in Hexes
  1922 | D:7      | Reached skill level 3 in Charms
  1922 | D:7      | Reached skill level 3 in Summonings
  1922 | D:7      | Reached skill level 3 in Necromancy
  1922 | D:7      | Reached skill level 3 in Translocations
  1922 | D:7      | Reached skill level 3 in Fire Magic
  1922 | D:7      | Reached skill level 3 in Ice Magic
  1922 | D:7      | Reached skill level 3 in Air Magic
  1922 | D:7      | Reached skill level 3 in Earth Magic
  1922 | D:7      | Reached skill level 3 in Poison Magic
  1922 | D:7      | Reached skill level 4 in Invocations
  1936 | D:7      | Reached skill level 6 in Dodging
  1936 | D:7      | Reached skill level 5 in Transmutations
  1936 | D:7      | Reached XP level 9. HP: 66/66 MP: 14/18
  1939 | Temple   | Entered the Ecumenical Temple
  1994 | Temple   | Became a worshipper of Cheibriados the Contemplative
  2251 | D:8      | Found Aruser's Book Emporium.
  2291 | D:9      | Reached skill level 4 in Short Blades
  2291 | D:9      | Reached skill level 4 in Long Blades
  2291 | D:9      | Reached skill level 4 in Axes
  2291 | D:9      | Reached skill level 4 in Maces & Flails
  2291 | D:9      | Reached skill level 4 in Polearms
  2291 | D:9      | Reached skill level 4 in Staves
  2291 | D:9      | Reached skill level 4 in Slings
  2291 | D:9      | Reached skill level 4 in Bows
  2291 | D:9      | Reached skill level 4 in Crossbows
  2291 | D:9      | Reached skill level 4 in Throwing
  2291 | D:9      | Reached skill level 4 in Armour
  2291 | D:9      | Reached skill level 4 in Stealth
  2291 | D:9      | Reached skill level 4 in Shields
  2291 | D:9      | Reached skill level 4 in Evocations
  2308 | D:9      | Found a staircase to the Lair.
  2409 | D:8      | Reached skill level 5 in Fighting
  2430 | D:8      | Reached * piety under Cheibriados
  2461 | D:8      | Reached skill level 8 in Unarmed Combat
  2540 | D:9      | Learned a level 4 spell: Summon Lightning Spire
  2546 | D:9      | Learned a level 5 spell: Blade Hands
  2622 | D:10     | Entered Level 10 of the Dungeon
  2644 | D:10     | Reached skill level 5 in Invocations
  2721 | D:9      | Reached XP level 10. HP: 74/74 MP: 18/20
  2727 | D:9      | Reached skill level 7 in Spellcasting
  2731 | D:9      | Reached skill level 4 in Conjurations
  2731 | D:9      | Reached skill level 4 in Hexes
  2731 | D:9      | Reached skill level 4 in Charms
  2731 | D:9      | Reached skill level 4 in Summonings
  2731 | D:9      | Reached skill level 4 in Necromancy
  2731 | D:9      | Reached skill level 4 in Translocations
  2731 | D:9      | Reached skill level 4 in Fire Magic
  2731 | D:9      | Reached skill level 4 in Ice Magic
  2731 | D:9      | Reached skill level 4 in Air Magic
  2731 | D:9      | Reached skill level 4 in Earth Magic
  2731 | D:9      | Reached skill level 4 in Poison Magic
  2818 | D:9      | You fall through a shaft!
  2936 | D:11     | Noticed a two-headed ogre
  2936 | D:11     | Reached skill level 5 in Short Blades
  2936 | D:11     | Reached skill level 5 in Long Blades
  2936 | D:11     | Reached skill level 5 in Axes
  2936 | D:11     | Reached skill level 5 in Maces & Flails
  2936 | D:11     | Reached skill level 5 in Polearms
  2936 | D:11     | Reached skill level 5 in Staves
  2936 | D:11     | Reached skill level 5 in Slings
  2936 | D:11     | Reached skill level 5 in Bows
  2936 | D:11     | Reached skill level 5 in Crossbows
  2936 | D:11     | Reached skill level 5 in Throwing
  2936 | D:11     | Reached skill level 5 in Armour
  2936 | D:11     | Reached skill level 5 in Stealth
  2936 | D:11     | Reached skill level 5 in Shields
  2936 | D:11     | Reached skill level 5 in Evocations
  2949 | D:10     | Killed a two-headed ogre
  2949 | D:10     | Reached skill level 7 in Dodging
  3000 | D:10     | Reached ** piety under Cheibriados
  3000 | D:10     | Reached skill level 6 in Fighting
  3013 | D:10     | Reached skill level 6 in Transmutations
  3013 | D:10     | Reached skill level 6 in Invocations
  3135 | D:10     | HP: 6/76 [something (9)]
  3136 | D:10     | Killed an unseen horror
  3136 | D:10     | Reached XP level 11. HP: 7/82 MP: 3/22
  3149 | D:10     | Found a staircase to the Orcish Mines.
  3158 | D:10     | Reached *** piety under Cheibriados
  3277 | D:12     | Noticed a deep elf mage
  3280 | D:12     | Killed a deep elf mage
  3303 | D:12     | Reached skill level 6 in Short Blades
  3303 | D:12     | Reached skill level 6 in Long Blades
  3303 | D:12     | Reached skill level 6 in Axes
  3303 | D:12     | Reached skill level 6 in Maces & Flails
  3303 | D:12     | Reached skill level 6 in Polearms
  3303 | D:12     | Reached skill level 6 in Staves
  3303 | D:12     | Reached skill level 6 in Slings
  3303 | D:12     | Reached skill level 6 in Bows
  3303 | D:12     | Reached skill level 6 in Crossbows
  3303 | D:12     | Reached skill level 6 in Throwing
  3303 | D:12     | Reached skill level 6 in Armour
  3303 | D:12     | Reached skill level 6 in Stealth
  3303 | D:12     | Reached skill level 6 in Shields
  3303 | D:12     | Reached skill level 9 in Unarmed Combat
  3303 | D:12     | Reached skill level 6 in Evocations
  3314 | D:12     | Reached skill level 5 in Conjurations
  3314 | D:12     | Reached skill level 5 in Hexes
  3314 | D:12     | Reached skill level 5 in Charms
  3314 | D:12     | Reached skill level 5 in Summonings
  3314 | D:12     | Reached skill level 5 in Necromancy
  3314 | D:12     | Reached skill level 5 in Translocations
  3314 | D:12     | Reached skill level 5 in Fire Magic
  3314 | D:12     | Reached skill level 5 in Ice Magic
  3314 | D:12     | Reached skill level 5 in Air Magic
  3314 | D:12     | Reached skill level 5 in Earth Magic
  3314 | D:12     | Reached skill level 5 in Poison Magic
  3333 | D:12     | Noticed a cyclops
  3350 | D:12     | Reached skill level 8 in Spellcasting
  3374 | D:12     | Noticed a white ugly thing
  3414 | D:11     | Noticed a rakshasa
  3431 | D:11     | Reached **** piety under Cheibriados
  3447 | D:11     | Killed a rakshasa
  3449 | D:11     | Got a vibrating steel amulet
  3450 | D:11     | Identified the amulet "Imyfim" {+Rage Str+7} (You took it off a rakshasa on level 11 of the Dungeon)
  3534 | D:11     | Reached skill level 7 in Invocations
  3566 | D:11     | Noticed a two-headed ogre
  3575 | D:11     | Killed a two-headed ogre
  3575 | D:11     | Reached skill level 7 in Fighting
  3575 | D:11     | Reached skill level 8 in Dodging
  3666 | D:11     | Noticed an eight-headed hydra
  3675 | D:11     | Killed an eight-headed hydra
  3675 | D:11     | Reached XP level 12. HP: 57/91 MP: 15/24
  3746 | D:11     | Noticed an eight-headed hydra
  3856 | D:11     | Noticed a two-headed ogre
  3866 | D:11     | Killed a two-headed ogre
  3866 | D:11     | Reached skill level 7 in Transmutations
  3881 | D:11     | Reached skill level 7 in Short Blades
  3881 | D:11     | Reached skill level 7 in Long Blades
  3881 | D:11     | Reached skill level 7 in Axes
  3881 | D:11     | Reached skill level 7 in Maces & Flails
  3881 | D:11     | Reached skill level 7 in Polearms
  3881 | D:11     | Reached skill level 7 in Staves
  3881 | D:11     | Reached skill level 7 in Slings
  3881 | D:11     | Reached skill level 7 in Bows
  3881 | D:11     | Reached skill level 7 in Crossbows
  3881 | D:11     | Reached skill level 7 in Throwing
  3881 | D:11     | Reached skill level 7 in Armour
  3881 | D:11     | Reached skill level 7 in Stealth
  3881 | D:11     | Reached skill level 7 in Shields
  3881 | D:11     | Reached skill level 7 in Evocations
  3893 | D:11     | Reached ***** piety under Cheibriados
  3908 | D:11     | Killed an eight-headed hydra
  4016 | D:11     | Noticed an entropy weaver
  4026 | D:11     | Killed an entropy weaver
  4044 | D:12     | Reached skill level 6 in Conjurations
  4044 | D:12     | Reached skill level 6 in Hexes
  4044 | D:12     | Reached skill level 6 in Charms
  4044 | D:12     | Reached skill level 6 in Summonings
  4044 | D:12     | Reached skill level 6 in Necromancy
  4044 | D:12     | Reached skill level 6 in Translocations
  4044 | D:12     | Reached skill level 6 in Fire Magic
  4044 | D:12     | Reached skill level 6 in Ice Magic
  4044 | D:12     | Reached skill level 6 in Air Magic
  4044 | D:12     | Reached skill level 6 in Earth Magic
  4044 | D:12     | Reached skill level 6 in Poison Magic
  4068 | D:12     | Noticed a seven-headed hydra
  4077 | D:12     | Killed a seven-headed hydra
  4077 | D:12     | Reached skill level 8 in Invocations
  4164 | D:14     | Reached skill level 9 in Spellcasting
  4214 | D:14     | Reached skill level 8 in Fighting
  4214 | D:14     | Reached skill level 10 in Unarmed Combat
  4234 | D:15     | Entered Level 15 of the Dungeon
  4236 | D:15     | Noticed a two-headed ogre
  4244 | D:15     | Killed a two-headed ogre
  4331 | D:15     | Reached skill level 9 in Dodging
  4427 | D:15     | Reached XP level 13. HP: 98/98 MP: 18/26
  4559 | D:14     | Noticed an ice dragon
  4567 | D:14     | Reached ****** piety under Cheibriados
  4587 | D:14     | Killed an ice dragon
  4683 | D:13     | Reached skill level 8 in Short Blades
  4683 | D:13     | Reached skill level 8 in Long Blades
  4683 | D:13     | Reached skill level 8 in Axes
  4683 | D:13     | Reached skill level 8 in Maces & Flails
  4683 | D:13     | Reached skill level 8 in Polearms
  4683 | D:13     | Reached skill level 8 in Staves
  4683 | D:13     | Reached skill level 8 in Slings
  4683 | D:13     | Reached skill level 8 in Bows
  4683 | D:13     | Reached skill level 8 in Crossbows
  4683 | D:13     | Reached skill level 8 in Throwing
  4683 | D:13     | Reached skill level 8 in Armour
  4683 | D:13     | Reached skill level 8 in Stealth
  4683 | D:13     | Reached skill level 8 in Shields
  4683 | D:13     | Reached skill level 8 in Evocations
  4939 | Orc:1    | Entered Level 1 of the Orcish Mines
  4964 | Orc:1    | Paralysed by an orc sorcerer for 7 turns
  5173 | Orc:2    | Entered Level 2 of the Orcish Mines
  5173 | Orc:2    | Found Feaqoczy's Antique Weapon Emporium.
  5173 | Orc:2    | Noticed Josephine
  5174 | Orc:2    | Reached skill level 9 in Invocations
  5185 | Orc:2    | Killed Josephine
  5211 | Orc:2    | Found a staircase to the Elven Halls.
  5220 | Orc:1    | Reached skill level 8 in Transmutations
  5301 | Orc:1    | Gained mutation: Scrolls take you a little longer to read. [a neqoxec]
  5312 | Orc:1    | Reached skill level 7 in Conjurations
  5312 | Orc:1    | Reached skill level 7 in Hexes
  5312 | Orc:1    | Reached skill level 7 in Charms
  5312 | Orc:1    | Reached skill level 7 in Summonings
  5312 | Orc:1    | Reached skill level 7 in Necromancy
  5312 | Orc:1    | Reached skill level 7 in Translocations
  5312 | Orc:1    | Reached skill level 7 in Fire Magic
  5312 | Orc:1    | Reached skill level 7 in Ice Magic
  5312 | Orc:1    | Reached skill level 7 in Air Magic
  5312 | Orc:1    | Reached skill level 7 in Earth Magic
  5312 | Orc:1    | Reached skill level 7 in Poison Magic
  5377 | Elf:1    | Entered Level 1 of the Elven Halls
  5377 | Elf:1    | Noticed a deep elf demonologist
  5399 | Elf:1    | Noticed an Ice Fiend
  5405 | Elf:1    | Killed a deep elf demonologist
  5410 | Elf:1    | Reached skill level 9 in Fighting
  5505 | Elf:1    | Reached skill level 10 in Spellcasting
  5507 | Elf:1    | Reached XP level 14. HP: 74/108 MP: 4/28
  5520 | Elf:1    | Noticed Asterion
  5532 | Elf:1    | Noticed a balrug
  5536 | Elf:1    | Killed Asterion
  5583 | Elf:2    | Reached skill level 10 in Dodging
  5658 | Elf:3    | Entered Level 3 of the Elven Halls
  5891 | Elf:2    | Reached skill level 11 in Unarmed Combat
  5904 | Elf:2    | Reached skill level 9 in Short Blades
  5904 | Elf:2    | Reached skill level 9 in Long Blades
  5904 | Elf:2    | Reached skill level 9 in Axes
  5904 | Elf:2    | Reached skill level 9 in Maces & Flails
  5904 | Elf:2    | Reached skill level 9 in Polearms
  5904 | Elf:2    | Reached skill level 9 in Staves
  5904 | Elf:2    | Reached skill level 9 in Slings
  5904 | Elf:2    | Reached skill level 9 in Bows
  5904 | Elf:2    | Reached skill level 9 in Crossbows
  5904 | Elf:2    | Reached skill level 9 in Throwing
  5904 | Elf:2    | Reached skill level 9 in Armour
  5904 | Elf:2    | Reached skill level 9 in Stealth
  5904 | Elf:2    | Reached skill level 9 in Shields
  5904 | Elf:2    | Reached skill level 9 in Evocations
  6036 | Elf:2    | Reached skill level 10 in Invocations
  6104 | Elf:3    | Found an ancient bone altar of Kikubaaqudgha.
  6196 | Elf:3    | Noticed a deep elf demonologist
  6199 | Elf:3    | Killed a deep elf demonologist
  6207 | Elf:3    | Noticed a deep elf annihilator
  6209 | Elf:3    | Noticed a deep elf sorcerer
  6213 | Elf:3    | Killed a deep elf annihilator
  6214 | Elf:3    | Noticed a deep elf sorcerer
  6217 | Elf:3    | Killed a deep elf sorcerer
  6219 | Elf:3    | Noticed a deep elf annihilator
  6220 | Elf:3    | Noticed a deep elf sorcerer
  6222 | Elf:3    | Killed a deep elf sorcerer
  6224 | Elf:3    | Killed a deep elf sorcerer
  6224 | Elf:3    | Killed a deep elf annihilator
  6227 | Elf:3    | Noticed a deep elf sorcerer
  6236 | Elf:3    | Killed a deep elf sorcerer
  6272 | Elf:3    | Noticed a deep elf annihilator
  6281 | Elf:3    | Reached skill level 8 in Conjurations
  6281 | Elf:3    | Reached skill level 8 in Hexes
  6281 | Elf:3    | Reached skill level 8 in Charms
  6281 | Elf:3    | Reached skill level 8 in Summonings
  6281 | Elf:3    | Reached skill level 8 in Necromancy
  6281 | Elf:3    | Reached skill level 8 in Translocations
  6281 | Elf:3    | Reached skill level 8 in Fire Magic
  6281 | Elf:3    | Reached skill level 8 in Ice Magic
  6281 | Elf:3    | Reached skill level 8 in Air Magic
  6281 | Elf:3    | Reached skill level 8 in Earth Magic
  6281 | Elf:3    | Reached skill level 8 in Poison Magic
  6281 | Elf:3    | Reached XP level 15. HP: 64/115 MP: 7/29
  6309 | Elf:3    | Noticed a deep elf blademaster
  6310 | Elf:3    | Noticed a deep elf sorcerer
  6310 | Elf:3    | Reached skill level 9 in Transmutations
  6315 | Elf:3    | Killed a deep elf sorcerer
  6315 | Elf:3    | Reached skill level 10 in Fighting
  6316 | Elf:3    | HP: 5/115 [deep elf blademaster/rapier (13)]
  6316 | Elf:3    | Killed from afar by a deep elf high priest

Vault maps used:
D:1:      dpeg_arrival_tiny_h, minmay_distorted
D:2:      xom_teletrap_fun, columned_hall_lemuel
D:3:      zin_statuary, grunt_temple_overflow_open
D:4:      lemuel_crystal_altar, gup_sewer_entry_bowl
D:5:      serial_shops, kennysheep_little_box, first_ration, uniq_sigmund,
          uniq_menkaure
D:6:      kennysheep_slugbush, lemuel_doored_altar,
          nicolae_dithmenos_shadow_blocks, serial_shops, shop
D:7:      grunt_temple_overflow_holy_war, ashenzari_conservatory_becter,
          temple_fountains, serial_shops, shop, kennysheep_mini, shop,
          uniq_joseph
D:8:      serial_shops, shop, the_bakery
D:9:      due_lair_maze_entry_diamond, eino_tiny_chamber
D:10:     erik_orc_4, onia_ninara_dug_in_and_dangerous
D:11:     minmay_the_grid_square_5x5_4x4, lemuel_flame_loot_1
D:12:     uniq_erolcha
D:13:     erik_vaults_1, lemuel_flamethrower_2
D:14:     hangedman_decor_points, ice2_lemuel
D:15:     grunt_enter_depths_magical_seal, hangedman_glass_teeth
Temple:   minmay_temple_curvy_loop
Orc:2:    grunt_orc_gardens, grunt_orc_garden, grunt_orc_garden,
          grunt_orc_garden, grunt_orc_garden, statue_in_the_mist_lemuel,
          minmay_orc_temple_b, uniq_josephine
Elf:1:    elf_arrival_002, minmay_elf_annihilation, fountainhead, uniq_asterion,
          uniq_louise, uniq_nikola
Elf:2:    small_chamber_with_monster, hangedman_elf_power_crystal
Elf:3:    minmay_elf_hall_hex, basic_altar, serial_shops,
          nicolae_shop_overgrown_old_shop
Sewer:    sewer_co_purgy_island

Skill      XL: |  1  2  3  4  5  6  7  8  9 10 11 12 13 14 15 |
---------------+----------------------------------------------+-----
Spellcasting   | 5 6 7 8 9 10 | 10.7
Invocations    | 1 2 3 4 5 6 7 8 9 10 | 10.4
Short Blades   | 1 2 3 4 5 6 7 8 9 |  9.6
Long Blades    | 1 2 3 4 5 6 7 8 9 |  9.6
Axes           | 1 2 3 4 5 6 7 8 9 |  9.6
Maces & Flails | 1 2 3 4 5 6 7 8 9 |  9.6
Polearms       | 1 2 3 4 5 6 7 8 9 |  9.6
Staves         | 1 2 3 4 5 6 7 8 9 |  9.6
Slings         | 1 2 3 4 5 6 7 8 9 |  9.6
Bows           | 1 2 3 4 5 6 7 8 9 |  9.6
Crossbows      | 1 2 3 4 5 6 7 8 9 |  9.6
Throwing       | 1 2 3 4 5 6 7 8 9 |  9.6
Armour         | 1 2 3 4 5 6 7 8 9 |  9.6
Stealth        | 1 2 3 4 5 6 7 8 9 |  9.6
Shields        | 1 2 3 4 5 6 7 8 9 |  9.6
Evocations     | 1 2 3 4 5 6 7 8 9 |  9.6
Conjurations   | 1 2 3 4 5 6 7 8 |  8.0
Hexes          | 1 2 3 4 5 6 7 8 |  8.0
Charms         | 1 2 3 4 5 6 7 8 |  8.0
Summonings     | 1 2 3 4 5 6 7 8 |  8.0
Necromancy     | 1 2 3 4 5 6 7 8 |  8.0
Translocations | 1 2 3 4 5 6 7 8 |  8.0
Fire Magic     | 1 2 3 4 5 6 7 8 |  8.0
Ice Magic      | 1 2 3 4 5 6 7 8 |  8.0
Air Magic      | 1 2 3 4 5 6 7 8 |  8.0
Earth Magic    | 1 2 3 4 5 6 7 8 |  8.0
Poison Magic   | 1 2 3 4 5 6 7 8 |  8.0
Fighting       | 3 4 5 6 7 8 9 10 | 10.0
Transmutations | 4 5 6 7 8 9 |  9.0
Dodging        | 5 6 7 8 9 10 | 10.6
Unarmed Combat | 7 8 9 10 11 | 11.4

Action                   |  1- 3 |  4- 6 |  7- 9 | 10-12 | 13-15 || total
-------------------------+-------+-------+-------+-------+-------++-------
Melee: Unarmed           |    74 |    86 |   222 |   339 |   226 ||   947
       Headbutt          |     4 |       |       |       |       ||     4
       Bite              |     4 |       |     2 |    51 |    34 ||    91
       Kick              |     4 |     1 |     3 |    35 |     3 ||    46
       Punch             |     1 |       |     1 |    11 |    19 ||    32
       Dagger            |       |       |     2 |    41 |    36 ||    79
Throw: Stone             |       |     2 |       |     2 |       ||     4
       Javelin           |       |       |       |     5 |       ||     5
       Tomahawk          |       |       |       |    10 |     1 ||    11
 Cast: Beastly Appendage |     9 |     2 |     5 |    13 |     2 ||    31
       Spider Form       |     4 |     9 |    14 |       |       ||    27
       Sticks to Snakes  |       |     5 |    14 |     6 |     6 ||    31
       Ice Form          |       |     1 |    12 |     3 |     1 ||    17
       Blade Hands       |       |       |       |    22 |    28 ||    50
       Summon Lightning  |       |       |       |     4 |    23 ||    27
Invok: Bend Time         |       |       |       |     1 |       ||     1
       Slouch            |       |       |       |       |     9 ||     9
 Abil: End Transformatio |       |     2 |     5 |     6 |     9 ||    22
       Evoke Invisibilit |       |       |     1 |     2 |     2 ||     5
Evoke: Wand              |       |       |       |     4 |     4 ||     8
  Use: Scroll            |     2 |       |    10 |     4 |    11 ||    27
       Potion            |       |     2 |       |     2 |     4 ||     8
 Stab: Sleeping          |     2 |     3 |     2 |    12 |     9 ||    28
       Distracted        |       |     1 |     1 |     2 |     5 ||     9
       Invisible         |       |       |     4 |    12 |     8 ||    24
       Paralysed         |       |       |       |     4 |       ||     4
  Eat: Chunk             |       |     2 |     4 |     8 |     5 ||    19
       Ration            |       |       |     2 |       |     1 ||     3
Armor: Robe              |    10 |     1 |       |       |       ||    11
       Skin              |     6 |     3 |    16 |    35 |     7 ||    67
       Troll leather arm |       |       |     6 |    26 |       ||    32
       Scale mail        |       |       |       |    64 |    67 ||   131
Dodge: Dodged            |    61 |    74 |   170 |   367 |   263 ||   935
Block: Buckler           |       |       |       |    16 |    21 ||    37

Table legend:
 A = Spawn XP
 B = Non-spawn XP
 C = Spawn XP percentage of total XP
 D = Spawn monster count
 E = Non-spawn monster count
 F = Spawn count percentage of total count
 G = Total turns spent on level
                    A         B        C        D         E        F      G
               +---------+---------+-------+---------+---------+-------+---------
         Total |       0 |   90432 |   0.0 |       0 |     467 |   0.0 |  6316
               +---------+---------+-------+---------+---------+-------+---------
           D:1 |       0 |      37 |   0.0 |       0 |      23 |   0.0 |   167
           D:2 |       0 |      18 |   0.0 |       0 |      10 |   0.0 |   305
           D:3 |       0 |     111 |   0.0 |       0 |      16 |   0.0 |   151
           D:4 |       0 |     421 |   0.0 |       0 |      23 |   0.0 |   411
           D:5 |       0 |     945 |   0.0 |       0 |      18 |   0.0 |   497
           D:6 |       0 |     245 |   0.0 |       0 |      11 |   0.0 |   221
           D:7 |       0 |     570 |   0.0 |       0 |       9 |   0.0 |   156
           D:8 |       0 |     879 |   0.0 |       0 |      14 |   0.0 |   326
           D:9 |       0 |    1879 |   0.0 |       0 |      16 |   0.0 |   332
          D:10 |       0 |    4255 |   0.0 |       0 |      51 |   0.0 |   457
          D:11 |       0 |   12301 |   0.0 |       0 |      60 |   0.0 |   721
          D:12 |       0 |    4855 |   0.0 |       0 |      25 |   0.0 |   306
          D:13 |       0 |    2310 |   0.0 |       0 |       7 |   0.0 |   199
          D:14 |       0 |    7512 |   0.0 |       0 |      31 |   0.0 |   236
          D:15 |       0 |    2791 |   0.0 |       0 |      14 |   0.0 |   192
         Orc:1 |       0 |    5624 |   0.0 |       0 |      52 |   0.0 |   352
         Orc:2 |       0 |    2973 |   0.0 |       0 |      17 |   0.0 |    86
         Elf:1 |       0 |    9651 |   0.0 |       0 |      15 |   0.0 |   120
         Elf:2 |       0 |   14425 |   0.0 |       0 |      26 |   0.0 |   416
         Elf:3 |       0 |   18499 |   0.0 |       0 |      23 |   0.0 |   403
         Sewer |       0 |     131 |   0.0 |       0 |       6 |   0.0 |   115
               +---------+---------+-------+---------+---------+-------+---------

Table legend:
 A = Turns spent in this place as a percentage of turns spent in the entire game.
 B = Non-inter-level travel turns spent in this place as a percentage of non-inter-level travel turns spent in the entire game.
 C = Inter-level travel turns spent in this place as a percentage of turns spent in this place.
 D = Turns resting spent in this place as a percentage of non-inter-level travel turns spent in this place.
 E = Turns spent auto-exploring this place as a percentage of non-inter-level travel turns spent in this place.
 F = Non-inter-level travel turns spent in this place divided by the number of levels of this place that you've seen.
                   A       B       C       D       E      F
               +-------+-------+-------+-------+-------+----------------------
         Total | 100.0 | 100.0 |   1.8 |   0.0 |   0.0 | 282.0
       Dungeon |  74.1 |  74.6 |   1.0 |   0.0 |   0.0 | 308.7
        Temple |   2.3 |   1.3 |  44.9 |   0.0 |   0.0 |  81.0
  Orcish Mines |   6.9 |   7.1 |   0.0 |   0.0 |   0.0 | 219.0
   Elven Halls |  14.9 |  15.1 |   0.0 |   0.0 |   0.0 | 313.0
         Sewer |   1.8 |   1.9 |   0.0 |   0.0 |   0.0 | 115.0
               +-------+-------+-------+-------+-------+----------------------

Table legend:
 A = Kills in this place as a percentage of kills in entire the game.
 B = Kills by you in this place as a percentage of kills by you in the entire game.
 C = Kills by friends in this place as a percentage of kills by friends in the entire game.
 D = Other kills in this place as a percentage of other kills in the entire game.
 E = Experience gained in this place as a percentage of experience gained in the entire game.
 F = Experience gained in this place divided by the number of levels of this place that you have seen.
                   A       B       C       D       E      F
               +-------+-------+-------+-------+-------+----------------------
         Total | 100.0 | 100.0 | 100.0 | 100.0 | 100.0 | 4110.5
       Dungeon |  70.2 |  74.0 |  34.8 | 100.0 |  43.3 | 2608.6
  Orcish Mines |  14.8 |  11.9 |  41.3 |   0.0 |   9.5 | 4298.5
   Elven Halls |  13.7 |  13.1 |  19.6 |   0.0 |  47.1 | 14191.7
         Sewer |   1.3 |   1.0 |   4.3 |   0.0 |   0.1 | 131.0
               +-------+-------+-------+-------+-------+----------------------

Vault maps used:
D:1:      dpeg_arrival_tiny_h, minmay_distorted
D:2:      xom_teletrap_fun, columned_hall_lemuel
D:3:      zin_statuary, grunt_temple_overflow_open
D:4:      lemuel_crystal_altar, gup_sewer_entry_bowl
D:5:      serial_shops, kennysheep_little_box, first_ration, uniq_sigmund,
          uniq_menkaure
D:6:      kennysheep_slugbush, lemuel_doored_altar,
          nicolae_dithmenos_shadow_blocks, serial_shops, shop
D:7:      grunt_temple_overflow_holy_war, ashenzari_conservatory_becter,
          temple_fountains, serial_shops, shop, kennysheep_mini, shop,
          uniq_joseph
D:8:      serial_shops, shop, the_bakery
D:9:      due_lair_maze_entry_diamond, eino_tiny_chamber
D:10:     erik_orc_4, onia_ninara_dug_in_and_dangerous
D:11:     minmay_the_grid_square_5x5_4x4, lemuel_flame_loot_1
D:12:     uniq_erolcha
D:13:     erik_vaults_1, lemuel_flamethrower_2
D:14:     hangedman_decor_points, ice2_lemuel
D:15:     grunt_enter_depths_magical_seal, hangedman_glass_teeth
Temple:   minmay_temple_curvy_loop
Orc:2:    grunt_orc_gardens, grunt_orc_garden, grunt_orc_garden,
          grunt_orc_garden, grunt_orc_garden, statue_in_the_mist_lemuel,
          minmay_orc_temple_b, uniq_josephine
Elf:1:    elf_arrival_002, minmay_elf_annihilation, fountainhead, uniq_asterion,
          uniq_louise, uniq_nikola
Elf:2:    small_chamber_with_monster, hangedman_elf_power_crystal
Elf:3:    minmay_elf_hall_hex, basic_altar, serial_shops,
          nicolae_shop_overgrown_old_shop
Sewer:    sewer_co_purgy_island
